 Dungeon Crawl Stone Soup version 0.31-a0-845-g9abc20d24f (webtiles) character file.

Game seed: 8165176096159542588

158 Maratek the Chopper (level 5, -1/36 HPs)
             Began as an Octopode Fighter on Oct 2, 2023.
             Was an Initiate of Yredelemnul.
             Slain by a scorpion (7 damage)
             ... on level 3 of the Dungeon.
             The game lasted 00:02:56 (2053 turns).

Maratek the Chopper (Octopode Fighter)              Turns: 2053, Time: 00:02:57

Health: -1/36      AC:  1    Str: 18    XL:     5   Next: 39%
Magic:  5/5        EV: 13    Int: 10    God:    Yredelemnul [......]
Gold:   125        SH:  4    Dex: 11    Spells: 4/4 levels left

rFire   . . .        a - +0 war axe
rCold   . . .        b - +0 buckler
rNeg    . . .        (helmet restricted)
rPois   .            (no amulet)
rElec   .            (no ring)
rCorr   .            (no ring)
SInv    .            (no ring)
Will    .....        (no ring)
Stlth   +++          (no ring)
HPRegen 0.26/turn    (no ring)
MPRegen 0.09/turn    (no ring)
                     (no ring)

%: no passive effects
@: no status effects
A: almost no armour, amphibious, 8 rings, camouflage 1, gelatinous body 1,
(nimble swimmer 1), tentacles
a: Renounce Religion, Recall Undead Harvest


You were on level 3 of the Dungeon.
You worshipped Yredelemnul.
Yredelemnul was noncommittal.
You visited 1 branch of the dungeon, and saw 3 of its levels.

You collected 125 gold pieces.

Inventory:

Hand Weapons
 a - a +0 war axe (weapon)
Armour
 b - a +0 buckler (worn)
Wands
 m - a wand of flame (24)
Scrolls
 d - a scroll of poison {unknown}
 h - 2 scrolls of identify {unknown}
 j - a scroll of enchant armour {unknown}
 k - a scroll of fear {unknown}
Potions
 c - 2 potions of might
 e - a potion of brilliance {unknown}
 f - 2 potions of heal wounds {unknown}
 g - 3 potions of curing {unknown}
 i - a potion of invisibility {unknown}
 l - a potion of magic {unknown}
 n - a potion of enlightenment {unknown}


   Skills:
 + Level 3.3 Fighting
 + Level 3.8 Axes
 + Level 3.5 Dodging
 + Level 2.9 Stealth
 + Level 3.4 Shields


You had 4 spell levels left.
You didn't know any spells.
Your spell library contained the following spells:

 Spells                   Type           Power      Damage    Failure   Level
 Sting                    Tmut/Pois      0%         1d3       43%         1
 Poisonous Vapours        Pois/Air       0%         N/A       58%         2
 Olgreb's Toxic Radiance  Pois           0%         N/A       99%         4


Dungeon Overview and Level Annotations

Branches:
Dungeon (3/15)

Altars:
Fedhas
Uskayaw
Yredelemnul


Innate Abilities, Weirdness & Mutations

You cannot wear most types of armour.
You are amphibious.
You can wear up to eight rings at the same time.
Your skin changes colour to match your surroundings (Stealth+).
Your rubbery body absorbs attacks. (AC +1, EV +1)
((You are camouflaged when in or above water. (Stealth+)))
You have tentacles for arms and can constrict up to eight enemies at once.


Message History

The bat barely misses you. You block the bat's attack.
An orc comes into view. It is wielding a +0 club.
An orc wizard comes into view. It is wielding a +0 dagger.
The bat hits you but does no damage. The orc barely misses you.
Your orc zombie misses the bat.
You closely miss the orc. You grab the orc. You squeeze the orc!
You kill the orc!
You miss the bat.
The dead are walking!
The bat barely misses you. The bat hits your hobgoblin zombie.
The orc hits your orc zombie with a +0 club.
The scorpion stings your orc zombie.
You swap places.
The bat hits your orc zombie. x2
Things that are here:
a +0 flail; a +0 leather armour Your orc zombie hits the bat.
The orc hits you with a +0 club. The orc wizard completely misses you.
The bat hits your orc zombie.
You hit the orc. You grab the orc.
The orc is lightly wounded.
You miss the orc wizard. You constrict the orc. The bat hits your orc zombie.
Your orc zombie is destroyed!
The scorpion stings your orc zombie.
Your orc zombie is destroyed!
The orc wizard hits you with a +0 dagger.
The orc closely misses you.
You slash the orc!
You kill the orc!
You slash the orc wizard! You hit the scorpion. The bat completely misses you.
The bat misses you. The scorpion barely misses you.
The orc wizard hits you with a +0 dagger.
The bat hits you. The scorpion stings you!
* * * LOW HITPOINT WARNING * * *
Aiming: Throw Flame
Press: ? - help, Q - select action, (/) - cycle Shift-Dir - straight line, f - scorpion
Aim: a scorpion (severely wounded, 68% to hit)
The puff of flame hits the scorpion.
The scorpion is almost dead.
The bat closely misses you. The scorpion stings you!
You die...
Your body rises from the dead as a mindless zombie.

#..#?##...# #Z##
#..##.#...## #ZZ#
#...##..[..### ##.#
#....)##sZ.# ##Z#
##...#.##.o#######Z..
##..##?#......#.....
#.oZ###..###......(
#osb.....# ###....#
##@####### #..###
#)...# #..# #.....#
#... ......... ##.##
.......## ...
#.......# ..#
#......... #+++#..###


You could see a scorpion, an orc wizard, an orc, a bat (ally target) and a
friendly hobgoblin zombie.

Vanquished Creatures
  Natasha (twice) (D:2)
  2 adders (D:2)
  A dart slug (D:2)
  7 orcs (D:3)
  4 ball pythons
  A bat (D:2)
  4 endoplasms
  A giant cockroach (D:2)
  5 goblins
  6 hobgoblins
  A quokka (D:2)
  2 frilled lizards (D:3)
  5 kobolds
  2 rats
43 creatures vanquished.

Vanquished Creatures (collateral kills)
  Natasha (D:2)
  An adder (D:2)
  A frilled lizard (D:2)
3 creatures vanquished.

Vanquished Creatures (others)
  2 ball python zombies
  A giant cockroach zombie (D:2)
  A hobgoblin zombie (D:3)
  A kobold zombie (D:3)
  3 orc zombies (D:3)
8 creatures vanquished.

Grand Total: 54 creatures vanquished

Notes
Turn   | Place    | Note
-------+----------+-------------------------------------------
     0 | D:1      | Maratek the Octopode Fighter began the quest for the Orb.
     0 | D:1      | Reached XP level 1. HP: 16/16 MP: 1/1
   341 | D:1      | Reached XP level 2. HP: 19/21 MP: 2/2
   539 | D:1      | Found a faded altar of an unknown god.
   813 | D:1      | Prayed at the altar of an unknown god.
   813 | D:1      | Became a worshipper of Yredelemnul the Dark
   997 | D:2      | Found the +2 ratskin cloak {*Rats rPois rN+ Str-1 Int-1
                  | Dex+1}
  1002 | D:2      | Reached * piety under Yredelemnul
  1092 | D:2      | Reached XP level 3. HP: 26/26 MP: 3/3
  1094 | D:2      | Reached skill level 1 in Stealth
  1160 | D:2      | Reached ** piety under Yredelemnul
  1212 | D:2      | Noticed Natasha
  1217 | D:2      | Killed Natasha
  1218 | D:2      | Reached XP level 4. HP: 22/31 MP: 4/4
  1472 | D:2      | Noticed Natasha
  1476 | D:2      | Killed Natasha
  1581 | D:2      | Noticed Natasha
  1588 | D:2      | Killed Natasha
  1589 | D:2      | Reached XP level 5. HP: 22/36 MP: 5/5
  1619 | D:2      | Reached *** piety under Yredelemnul
  1690 | D:3      | Found a blossoming altar of Fedhas.
  1715 | D:3      | Found a hide-covered altar of Uskayaw.
  2053 | D:3      | Slain by a scorpion

Illustrated notes

Levels and vault maps discovered:
D:1:      beargit_arrival_greenhouse, layout_loops_ring,
          dilly_ecumenical_altar_fadedgnrine
D:2:      layout_basic, uniq_natasha
D:3:      layout_loops_cross, mainiacjoe_overflow_boulevard,
          nicolae_uskayaw_murder_on_the_dancefloor, corexii_shack,
          kennysheep_cross_bottleneck, minivault_27, minmay_bisected

Skill      XL: |  1  2  3 |
---------------+----------+-----
Stealth        | 2 |  2.9
Axes           | 3 |  3.8
Fighting       | |  3.3
Dodging        | |  3.5
Shields        | |  3.4

Action                     |  1- 3 |  4- 6 || total
---------------------------+-------+-------++-------
  Melee: War axe           |    48 |    36 ||    84
         Constrict         |    10 |    10 ||    20
         Tentacles         |     6 |     5 ||    11
         Punch             |     1 |       ||     1
  Evoke: Wand              |       |     1 ||     1
   Stab: Sleeping          |     7 |     5 ||    12
 Armour: Skin              |    13 |    20 ||    33
  Dodge: Dodged            |    26 |    28 ||    54
  Block: Buckler           |     6 |     6 ||    12

Table legend: (Time is in decaauts)
 A = Elapsed time spent in this place.
 B = Non-inter-level travel time spent in this place.
 C = Inter-level travel time spent in this place.
 D = Time resting spent in this place.
 E = Time spent auto-exploring this place.
 F = Levels seen in this place.
 G = Mean time per level.
                   A        B        C        D        E       F      G
               +--------+--------+--------+--------+--------+-----+--------+
         Total |   2091 |   1945 |    146 |      0 |   1630 |   3 |  697.0 |
       Dungeon |   2091 |   1945 |    146 |      0 |   1630 |   3 |  697.0 |
               +--------+--------+--------+--------+--------+-----+--------+

Top non-repeatable levels by time:
     D:1: 846 daAuts
     D:2: 844 daAuts
     D:3: 400 daAuts
